 Dungeon Crawl Stone Soup version 0.27-a0-1196-g3e9cee4cb2 (webtiles) character file.

Game seed: 5036171959875599547

9 Shayle the Vexing (level 2, 0/19 HPs)
             Began as a Demonspawn Enchanter on May 28, 2021.
             Slain by a frilled lizard (1 damage)
             ... on level 1 of the Dungeon.
             The game lasted 00:01:33 (570 turns).

Shayle the Vexing (Demonspawn Enchanter)             Turns: 570, Time: 00:01:34

Health: 0/19       AC:  2    Str:  8    XL:     2   Next: 6%
Magic:  1/5        EV: 12    Int: 18    God:
Gold:   10         SH:  0    Dex: 13    Spells: 2/5 levels left

rFire    . . .     SeeInvis .   a - +1 dagger
rCold    . . .     Faith    .   (no shield)
rNeg     . . .     Spirit   .   b - +0 robe
rPois    .         Reflect  .   (no helmet)
rElec    .         Harm     .   (no cloak)
rCorr    .         Rampage  .   (no gloves)
Will     .....                  (no boots)
Stlth    ++........             (no amulet)
HPRegen  0.06/turn              (no ring)
MPRegen  0.09/turn              (no ring)

@: no status effects
A: big brain 1
a: no special abilities


You were on level 1 of the Dungeon.
You visited 1 branch of the dungeon, and saw 1 of its levels.

You collected 10 gold pieces.

Inventory:

Hand Weapons
 a - a +1 dagger (weapon)
Missiles
 c - 2 poisoned darts (quivered)
Armour
 b - a +0 robe (worn)


   Skills:
 - Level 0.8 Short Blades
 + Level 2.2 Dodging
 + Level 3.0 Stealth
 - Level 2.0 Spellcasting
 - Level 3.0 Hexes


You had 2 spell levels left.
You knew the following spells:

 Your Spells              Type           Power      Damage    Failure   Level
a - Corona                Hex            13%        N/A       5%          1
b - Ensorcelled Hibernat  Hex/Ice        14%        N/A       14%         2

Your spell library contained the following spells:

 Spells                   Type           Power      Damage    Failure   Level
 Confusing Touch          Hex            12%        N/A       16%         3
 Tukima's Dance           Hex            12%        N/A       16%         3
 Dazzling Flash           Conj/Hex       14%        N/A       28%         3


Dungeon Overview and Level Annotations

Branches:
Dungeon (1/15)

Altars:


Innate Abilities, Weirdness & Mutations

You have an unusually large brain. (Int +2)


Message History

Casting: Ensorcelled Hibernation (safe; 14% risk of failure)
Confirm with . or Enter, or press ? or * to list all spells.
You don't have enough magic to cast this spell.
The quokka bites you. The quokka barely misses you.
You closely miss the quokka. The quokka bites you.
* * * LOW HITPOINT WARNING * * *
Casting: Ensorcelled Hibernation (safe; 14% risk of failure)
Confirm with . or Enter, or press ? or * to list all spells.
Okay, then.
Throw: 6 darts (poison)
Press: ? - help, Q - select action, (/) - cycle Shift-Dir - straight line, f/p - quokka
Aim: a quokka (43% to hit)
You throw a poisoned dart.
The poisoned dart barely misses the quokka.
The quokka closely misses you.
Throw: 5 darts (poison)
Press: ? - help, Q - select action, (/) - cycle Shift-Dir - straight line, f/p - quokka
Aim: a quokka (43% to hit)
You throw a poisoned dart.
The poisoned dart barely misses the quokka.
The quokka bites you but does no damage.
The frilled lizard misses you.
Throw: 4 darts (poison)
Press: ? - help, Q - select action, (/) - cycle Shift-Dir - straight line, f/p - quokka
Aim: a quokka (43% to hit)
You throw a poisoned dart.
The poisoned dart barely misses the quokka.
The quokka closely misses you. The frilled lizard bites you.
* * * LOW HITPOINT WARNING * * *
You aren't carrying any scrolls.
You aren't carrying any potions.
Unknown command.
Throw: 3 darts (poison)
Press: ? - help, Q - select action, (/) - cycle Shift-Dir - straight line, f/p - quokka
Aim: a quokka (43% to hit)
You throw a poisoned dart.
The poisoned dart barely misses the quokka.
The quokka bites you but does no damage.
The frilled lizard bites you.
You die...

#.........#
#.###.###.# #.#
#.# ###.###.#####
............#
##...##.###.#
#.... #.# #†#
........###†######
## ####@r.....(#
#l#.####.# #.#.#
#.#.# #.#..###.#
#.##......
#.).K..(..
####..J##. r....


You could see a quokka and a frilled lizard.

Vanquished Creatures
  2 endoplasms (D:1)
  A goblin (D:1)
  A hobgoblin (D:1)
  A bat (D:1)
  2 frilled lizards (D:1)
  A kobold (D:1)
  2 rats (D:1)
10 creatures vanquished.

Notes
Turn   | Place    | Note
-------+----------+-------------------------------------------
     0 | D:1      | Shayle the Demonspawn Enchanter began the quest for the
                  | Orb.
     0 | D:1      | Reached XP level 1. HP: 13/13 MP: 3/3
   538 | D:1      | Gained mutation: You have an unusually large brain. (Int
                  | +2) [demonic ancestry]
   538 | D:1      | Reached XP level 2. HP: 19/19 MP: 5/5
   560 | D:1      | Learned a level 2 spell: Ensorcelled Hibernation
   570 | D:1      | Slain by a frilled lizard

Illustrated notes

Levels and vault maps discovered:
D:1:      dpeg_arrival_tiny_g, layout_loops_corners,
          hangedman_abyss_or_decor_stabs

Skill      XL: |  1 |
---------------+----+-----
Dodging        | 2 |  2.2
Stealth        | 3 |  3.0
Short Blades   | |  0.8
Spellcasting   | |  2.0
Hexes          | |  3.0

Action                   || total
-------------------------++-------
Melee: Dagger            ||    29
Throw: Dart              ||    20
 Cast: Corona            ||     1
       Ensorcelled Hiber ||     2
 Stab: Sleeping          ||     1
Armor: Robe              ||     6
Dodge: Dodged            ||    20

Table legend: (Time is in decaauts)
 A = Elapsed time spent in this place.
 B = Non-inter-level travel time spent in this place.
 C = Inter-level travel time spent in this place.
 D = Time resting spent in this place.
 E = Time spent auto-exploring this place.
 F = Levels seen in this place.
 G = Mean time per level.
                   A        B        C        D        E       F      G
               +--------+--------+--------+--------+--------+-----+--------+
         Total |    568 |    568 |      0 |    193 |    258 |   1 |  568.0 |
       Dungeon |    568 |    568 |      0 |    193 |    258 |   1 |  568.0 |
               +--------+--------+--------+--------+--------+-----+--------+

Top non-repeatable levels by time:
     D:1: 568 daAuts
